 Dungeon Crawl Stone Soup version 0.28-a0-258-g8de209e91f (webtiles) character file.

Game seed: 11992034015843237338

397 senseless the Chopper (level 6, -2/43 HPs)
             Began as an Octopode Berserker on Aug 26, 2021.
             Was a Believer of Trog.
             Slain by an orc priest (5 damage)
             ... on level 4 of the Dungeon.
             The game lasted 00:11:04 (3926 turns).

senseless the Chopper (Octopode Berserker)          Turns: 3926, Time: 00:11:05

Health: -2/43      AC:  1    Str: 18    XL:     6   Next: 83%
Magic:  6/6        EV: 15    Int:  9    God:    Trog [**....]
Gold:   228        SH:  0    Dex: 18    Spells: 5/5 levels left

rFire   . . .      SeeInvis .   a - +0 hand axe
rCold   . . .      Faith    +   (no shield)
rNeg    . . .      Spirit   .   (helmet restricted)
rPois   .          Reflect  .   m - amulet of faith
rElec   .          Harm     .   h - +6 ring of dexterity
rCorr   .          Rampage  .   (no ring)
Will    .....                   (no ring)
Stlth   ++++......              (no ring)
HPRegen 0.14/turn               (no ring)
MPRegen 0.10/turn               (no ring)
                                (no ring)
                                (no ring)

@: no status effects
A: almost no armour, amphibious, 8 rings, camouflage 1, gelatinous body 1,
(nimble swimmer 1), tentacles
a: Renounce Religion, Berserk, Trog's Hand


You were on level 4 of the Dungeon.
You worshipped Trog.
Trog was pleased with you.
You visited 1 branch of the dungeon, and saw 4 of its levels.

You collected 248 gold pieces.
You spent 20 gold pieces at shops.

Inventory:

Hand Weapons
 a - a +0 hand axe (weapon)
 d - a +0 mace of venom
 e - a +3 dagger of speed
Jewellery
 h - a +6 ring of dexterity (left tentacle)
 m - an amulet of faith (around mantle)
Wands
 i - a wand of polymorph (11)
Scrolls
 c - 3 scrolls of immolation {unknown}
 k - a scroll of magic mapping {unknown}
Potions
 b - a potion of haste {unknown}
 f - a potion of flight
 g - a potion of curing
 j - a potion of resistance


   Skills:
 + Level 4.0 Fighting
 + Level 5.3 Axes
 + Level 3.9 Dodging
 + Level 4.6 Stealth
 + Level 0.6 Evocations


You had 5 spell levels left.
You didn't know any spells.
Your spell library contained the following spells:

 Spells                   Type           Power      Damage    Failure   Level
 Slow                     Hex            0%         N/A       52%         2
 Confusing Touch          Hex            0%         N/A       77%         3
 Yara's Violent Unravell  Hex/Tmut       0%         3d3       100%        5


Dungeon Overview and Level Annotations

Branches:
Dungeon (4/15)             Temple (0/1) D:4

Altars:
Nemelex Xobeh
Okawaru
Qazlal
Sif Muna

Shops:
D:1 ?

Annotations:
D:4 2 transporters, p0werm0de's ghost, amateur GrFi


Innate Abilities, Weirdness & Mutations

You cannot wear most types of armour.
You are amphibious.
You can wear up to eight rings at the same time.
Your skin changes colour to match your surroundings (Stealth+).
Your rubbery body absorbs attacks. (AC +1, EV +1)
((You are camouflaged near water. (Stealth+)))
You have tentacles for arms and can constrict up to eight enemies at once.


Message History

Found a transporter.
Found a +6 ring of dexterity.
Found a stone staircase leading up.
Found a stone staircase leading up.
There is a stone staircase leading up here.
The quasit gives a chilling moan. x2
Found a transporter.
Found 17 gold pieces and 13 stones.
You open the gate.
There is an open gate here.
You open the gate. 2 orcs, 2 orc priests and an orc wizard come into view.
Found an iron altar of Okawaru.
Okay, then.
There is an open gate here.
The orc shouts!
The orc wizard shouts!
The orc shouts!
The orc priest misses you. The orc wizard misses you.
The orc hits you but does no damage. The orc hits you with a +0 flail.
The orc priest completely misses you.
There is an iron altar of Okawaru, spattered with blood here.
You closely miss the orc priest. You grab the orc priest.
You closely miss the orc wizard. You hit the orc. You hit the orc priest.
You barely miss the orc. You constrict the orc priest.
The orc priest hits you with a +0 dagger.
The orc misses you. The orc hits you with a +0 mace!
The orc priest mumbles some strange prayers to Beogh against you.
Pain shoots through your body!
The orc wizard hits you with a +0 dagger.
You barely miss the orc wizard. Your grab misses the orc wizard.
You hit the orc priest. You closely miss the orc.
You hit the orc priest but do no damage.
You barely miss the orc. You constrict the orc priest.
The orc priest misses you. The orc hits you with a +0 mace!
* * * LOW HITPOINT WARNING * * *
The orc hits you with a +0 flail.
* * * LOW HITPOINT WARNING * * *
The orc wizard hits you with a +0 dagger.
* * * LOW HITPOINT WARNING * * *
The orc priest hits you with a +0 dagger.
You die... ##### #ooo#

#.@o#
#o..#
#'''#
#...###
+.≈.'.#
+.≈.'.#
+.≈.'.#
#...#.#
#+++#.#


You could see 2 orc priests, an orc wizard and 2 orcs.

Vanquished Creatures
  Menkaure (D:4)
  A howler monkey (D:4)
  3 orc priests (D:3)
  Ijyb (D:3)
  2 hound skeletons (D:4)
  An adder (D:4)
  An ufetubus (D:4)
  2 dart slugs
  12 orcs
  8 ball pythons
  5 bats
  6 endoplasms
  5 giant cockroaches
  4 hobgoblins
  6 kobolds
  2 quokkas
  2 frilled lizards (D:2)
  7 goblins
  4 rats
73 creatures vanquished.

Notes
Turn   | Place    | Note
-------+----------+-------------------------------------------
     0 | D:1      | senseless the Octopode Berserker began the quest for the
                  | Orb.
     0 | D:1      | Reached XP level 1. HP: 16/16 MP: 1/1
    88 | D:1      | Found a faded altar of an unknown god.
   261 | D:1      | Reached XP level 2. HP: 15/21 MP: 2/2
   661 | D:1      | Found Vourphaym's Magic Scroll Emporium.
   678 | D:1      | Bought a scroll of identify for 20 gold pieces
  1128 | D:2      | Reached XP level 3. HP: 23/26 MP: 3/3
  1299 | D:2      | Reached skill level 1 in Stealth
  2246 | D:3      | Noticed Ijyb
  2251 | D:3      | Found a stormy altar of Qazlal.
  2259 | D:3      | Killed Ijyb
  2260 | D:3      | Reached XP level 4. HP: 15/31 MP: 4/4
  2615 | D:3      | Reached ** piety under Trog
  2691 | D:3      | Found a sparkling altar of Nemelex Xobeh.
  2923 | D:3      | Reached skill level 4 in Axes
  2932 | D:3      | Reached XP level 5. HP: 5/36 MP: 5/5
  3207 | D:4      | Found a staircase to the Ecumenical Temple.
  3395 | D:4      | Found a shimmering blue altar of Sif Muna.
  3477 | D:4      | Noticed p0werm0de's ghost (amateur GrFi)
  3553 | D:4      | Noticed Menkaure
  3563 | D:4      | Killed Menkaure
  3564 | D:4      | Reached skill level 5 in Axes
  3564 | D:4      | Reached XP level 6. HP: 32/43 MP: 6/6
  3859 | D:4      | Found a transporter.
  3881 | D:4      | Found a transporter.
  3921 | D:4      | Found an iron altar of Okawaru.
  3926 | D:4      | Slain by an orc priest

Illustrated notes

Levels and vault maps discovered:
D:1:      dpeg_chamrin_arrival_tetris, layout_basic, serial_shops, shop_scrolls,
          ebering_ecumenical_altar_ruins
D:2:      layout_loops_ring
D:3:      cheibrodos_pilgrimage, layout_basic,
          mainiacjoe_overflow_small_starburst, old_standard_altar,
          minmay_misc_feat_columns, uniq_ijyb
D:4:      layout_rooms, lemuel_crystal_altar, mainiacjoe_overflow_big_doors,
          minmay_temple_entry_large_hall, gammafunk_ghost_stat_death,
          uniq_menkaure

Skill      XL: |  1  2  3  4  5  6 |
---------------+-------------------+-----
Stealth        | 1 2 4 |  4.6
Axes           | 4 5 |  5.3
Fighting       | 4 |  4.0
Dodging        | |  3.9
Evocations     | |  0.6

Action                   |  1- 3 |  4- 6 || total
-------------------------+-------+-------++-------
Melee: Hand axe          |    67 |    79 ||   146
       Constrict         |    15 |    24 ||    39
       Tentacles         |    10 |    24 ||    34
Evoke: Wand              |       |     4 ||     4
  Use: Scroll            |     6 |     2 ||     8
       Potion            |       |     1 ||     1
 Stab: Sleeping          |     5 |    11 ||    16
Armor: Skin              |     6 |     3 ||     9
Dodge: Dodged            |    37 |    48 ||    85

Table legend: (Time is in decaauts)
 A = Elapsed time spent in this place.
 B = Non-inter-level travel time spent in this place.
 C = Inter-level travel time spent in this place.
 D = Time resting spent in this place.
 E = Time spent auto-exploring this place.
 F = Levels seen in this place.
 G = Mean time per level.
                   A        B        C        D        E       F      G
               +--------+--------+--------+--------+--------+-----+--------+
         Total |   3940 |   3827 |    113 |    302 |   2946 |   4 |  985.0 |
       Dungeon |   3940 |   3827 |    113 |    302 |   2946 |   4 |  985.0 |
               +--------+--------+--------+--------+--------+-----+--------+

Top non-repeatable levels by time:
     D:3: 1185 daAuts
     D:1: 1103 daAuts
     D:2: 930 daAuts
     D:4: 721 daAuts
